 Dungeon Crawl Stone Soup version 0.29-a0-719-g0fec994a2d (webtiles) character file.

Game seed: 17407941697934200619

2247 Ijustatesigmund the Thaumaturge (level 9, -9/45 HPs)
             Began as a Deep Elf Earth Elementalist on June 27, 2022.
             Killed from afar by a steam dragon (13 damage)
             ... with a ball of steam
             ... on level 6 of the Dungeon.
             The game lasted 00:15:49 (8208 turns).

Ijustatesigmund the Thaumaturge (DEEE)              Turns: 8208, Time: 00:15:51

Health: -9/45      AC:  4    Str: 11    XL:     9   Next: 15%
Magic:  25/25      EV: 13    Int: 25    God:
Gold:   413        SH:  0    Dex: 15    Spells: 22/28 levels left

rFire   . . .      SeeInvis .   e - +2 flail (protect)
rCold   + . .      Faith    .   (no shield)
rNeg    . . .      Spirit   .   a - +2 robe {rC+}
rPois   .          Reflect  .   (no helmet)
rElec   .          Harm     .   (no cloak)
rCorr   .          Rampage  .   (no gloves)
Will    +....                   (no boots)
Stlth   +++.......              (no amulet)
HPRegen 0.15/turn               g - ring of willpower
MPRegen 0.19/turn               m - +6 ring of strength

@: no status effects
A: no striking features
a: no special abilities


You were on level 6 of the Dungeon.
You visited 1 branch of the dungeon, and saw 6 of its levels.

You collected 413 gold pieces.

Inventory:

Hand Weapons
 c - a +0 short sword
 e - a +2 flail of protection (weapon)
Missiles
 f - a throwing net
Armour
 a - a +2 robe of cold resistance (worn)
Jewellery
 g - a ring of willpower (left hand)
 m - a +6 ring of strength (right hand)
 r - a ring of protection from cold
Wands
 b - a wand of charming (3)
 s - a wand of iceblast (12)
Scrolls
 h - 4 scrolls of enchant armour
 i - a scroll of summoning
 l - a scroll of amnesia
 t - a scroll of teleportation
Potions
 d - 2 potions of curing
 j - a potion of brilliance
 k - a potion of mutation {unknown}
 n - a potion of degeneration {unknown}
 o - a potion of might {unknown}
 p - 2 potions of heal wounds {unknown}
 q - a potion of invisibility {unknown}


   Skills:
 + Level 3.8 Dodging
 + Level 4.0 Stealth
 + Level 10.1 Spellcasting
 + Level 7.6 Conjurations
 - Level 1.1 Transmutations
 + Level 6.9 Earth Magic


You had 22 spell levels left.
You knew the following spells:

 Your Spells              Type           Power      Damage    Failure   Level
a - Sandblast             Erth           94%        2d19      1%          1
b - Stone Arrow           Conj/Erth      98%        3d13      1%          3
c - Passwall              Tmut/Erth      26%        N/A       1%          2

Your spell library contained the following spells:

 Spells                   Type           Power      Damage    Failure   Level
 Sting                    Tmut/Pois      60%        1d6       3%          1
 Dazzling Flash           Conj/Hex       62%        N/A       3%          3
 Poisonous Vapours        Pois/Air       24%        N/A       8%          2
 Iskenderun's Mystic Bla  Conj/Tloc      31%        2d8       10%         4
 Petrify                  Tmut/Erth      32%        N/A       10%         4
 Olgreb's Toxic Radiance  Pois           12%        N/A       43%         4
 Starburst                Conj/Fire      15%        6d6       83%         6


Dungeon Overview and Level Annotations

Branches:
Dungeon (6/15)             Temple (0/1) D:6

Altars:
Hepliaklqana
Uskayaw
Xom

Shops:
D:4 *

Annotations:
D:6 2 runed translucent doors


Message History

The ball of steam hits you!
You are engulfed in a cloud of scalding steam.
You climb upwards.
There is a stone staircase leading down here.
You start resting.
Magic restored.
You start resting.
You start resting.
HP restored.
You start waiting.
You start waiting.
You start waiting.
Done waiting.
There is a stone staircase leading up here.
There is a stone staircase leading down here.
You climb downwards.
Level annotation: 2 runed translucent doors
There is a stone staircase leading up here.
t - a scroll of teleportation
Found a staircase to the Ecumenical Temple.
Found a robe.
You see here a +0 robe.
The steam dragon hisses angrily.
The steam dragon breathes steam at you. The ball of steam hits you!!
Okay, then.
The steam dragon breathes steam at you. The ball of steam hits you!!
* * * LOW HITPOINT WARNING * * *
Aiming: Iceblast
Press: ? - help, Shift-Dir - straight line The mass of ice explodes!
The iceblast engulfs the steam dragon!
The steam dragon is heavily wounded.
Aiming: Iceblast
Press: ? - help, Shift-Dir - straight line The mass of ice explodes!
The iceblast engulfs the steam dragon!
The steam dragon is almost dead.
The steam dragon breathes steam at you. The ball of steam hits you!
You die...

.##........§.# ###..#####..####
####........§# ##..## ##.....
####...##....#####..## ##.....
..##...###..D#.......## #..####
.......####......###..# ##..#
........###...§### #..## #..##
...###...#....§.# ##..###.## ..##
##........§### #...#..### ..#
###........@.###........# ..#
##............[...........#
.####............................
.##....##..##.............###....
.....####..####...........# ##..
..#### ##.######....##.... #. .##
#...#####..####.... . ##
#.........## #..## # ##.#####..##


There were no monsters in sight!

Vanquished Creatures
  Pikel (D:4)
  Maggie (D:6)
  Grinder (D:2)
  Sigmund (D:2)
  Edmund (D:5)
  An ogre (D:4)
  A lemure (D:5)
  A phantom (D:4)
  A necrophage (D:4)
  A scorpion (D:6)
  4 wights (D:6)
  3 jellies
  3 hounds
  An orc priest (D:3)
  Natasha (D:2)
  2 iguanas (D:4)
  An orc wizard (D:3)
  7 adders
  4 gnolls (D:4)
  4 ufetubi
  4 worms
  2 dart slugs
  10 orcs
  5 ball pythons
  8 endoplasms
  5 giant cockroaches
  9 goblins
  12 hobgoblins
  3 jackals (D:1)
  5 quokkas
  7 bats
  4 frilled lizards
  5 kobolds
  8 rats
127 creatures vanquished.

Vanquished Creatures (others)
  A kobold brigand (D:6)
1 creature vanquished.

Grand Total: 128 creatures vanquished

Notes
Turn   | Place    | Note
-------+----------+-------------------------------------------
     0 | D:1      | Ijustatesigmund the Deep Elf Earth Elementalist began the
                  | quest for the Orb.
     0 | D:1      | Reached XP level 1. HP: 10/10 MP: 6/6
   266 | D:1      | Reached XP level 2. HP: 15/15 MP: 5/8
   752 | D:2      | Reached skill level 4 in Spellcasting
   827 | D:2      | Noticed Sigmund
   856 | D:3      | Found a hide-covered altar of Uskayaw.
   980 | D:2      | Reached XP level 3. HP: 19/19 MP: 8/10
   990 | D:2      | You fall into a shaft and drop 2 floors!
  1005 | D:4      | Learned a level 3 spell: Stone Arrow
  1024 | D:4      | Reached skill level 1 in Conjurations
  1100 | D:4      | Reached XP level 4. HP: 24/24 MP: 9/12
  1282 | D:4      | Found Salluywa's Elemental Accessories.
  1465 | D:3      | Noticed Grinder
  1485 | D:3      | Paralysed by Grinder for 5 turns
  1559 | D:2      | Learned a level 2 spell: Passwall
  1596 | D:2      | Reached skill level 5 in Spellcasting
  1900 | D:1      | Found a faded altar of an unknown god.
  2205 | D:2      | Killed Sigmund
  2206 | D:2      | Reached skill level 6 in Spellcasting
  2206 | D:2      | Reached XP level 5. HP: 16/28 MP: 3/15
  2206 | D:2      | Reached XP level 6. HP: 19/32 MP: 3/17
  2407 | D:2      | Noticed Natasha
  2408 | D:2      | Killed Natasha
  2819 | D:2      | Paralysed by Grinder for 5 turns
  2826 | D:2      | Paralysed by Grinder for 3 turns
  2836 | D:2      | Paralysed by Grinder for 4 turns
  2844 | D:2      | Killed Grinder
  2845 | D:2      | Reached skill level 7 in Spellcasting
  2845 | D:2      | Reached skill level 5 in Conjurations
  2845 | D:2      | Reached XP level 7. HP: 13/36 MP: 14/20
  4374 | D:4      | Reached skill level 8 in Spellcasting
  5289 | D:4      | Reached skill level 5 in Earth Magic
  5620 | D:5      | Entered Level 5 of the Dungeon
  5725 | D:5      | Noticed Pikel
  5946 | D:4      | Killed Pikel
  5947 | D:4      | Reached skill level 9 in Spellcasting
  5947 | D:4      | Reached XP level 8. HP: 38/41 MP: 1/23
  6481 | D:5      | Found a hazy altar of Hepliaklqana.
  6840 | D:6      | Found a large runed translucent door.
  6840 | D:6      | Found a large runed translucent door.
  6841 | D:6      | Found a shimmering altar of Xom.
  6912 | D:6      | Noticed Edmund
  6914 | D:6      | Noticed Maggie
  6926 | D:5      | Killed Edmund
  7035 | D:6      | Killed Maggie
  7204 | D:6      | Reached XP level 9. HP: 45/45 MP: 17/24
  7209 | D:6      | Reached skill level 10 in Spellcasting
  8031 | D:6      | Found a staircase to the Ecumenical Temple.
  8208 | D:6      | Killed from afar by a steam dragon

Illustrated notes

Levels and vault maps discovered:
D:1:      wander_arrival_estate, layout_basic, ebering_ecumenical_altar_webs
D:2:      layout_basic, minivault_11, interstate_on_off, uniq_sigmund,
          uniq_natasha
D:3:      layout_rooms, mainiacjoe_overflow_small_starburst, uniq_grinder
D:4:      kennysheep_six_static_rooms, layout_layer_cave, nicolae_elemental_shop
D:5:      layout_loops_cross, amcnicky_altar_gilded, uniq_pikel
D:6:      due_chaos_kobolds, layout_layer_cave, temple_doors_cd, st_stairs_11,
          uniq_edmund, uniq_maggie

Skill      XL: |  1  2  3  4  5  6  7  8  9 |
---------------+----------------------------+-----
Spellcasting   | 4 6 7 9 10 | 10.1
Earth Magic    | 4 6 |  6.9
Conjurations   | 1 3 5 6 7 |  7.6
Dodging        | 3 |  3.8
Stealth        | 3 4 |  4.0
Transmutations | |  1.1

Action                   |  1- 3 |  4- 6 |  7- 9 || total
-------------------------+-------+-------+-------++-------
Melee: Flail             |       |     1 |    14 ||    15
 Cast: Sandblast         |    45 |    56 |     3 ||   104
       Stone Arrow       |       |     9 |    80 ||    89
       Passwall          |       |     1 |       ||     1
Evoke: Wand              |       |       |     4 ||     4
  Use: Scroll            |     4 |     4 |     5 ||    13
       Potion            |       |     6 |     1 ||     7
Armor: Robe              |    12 |    10 |    13 ||    35
Dodge: Dodged            |    44 |    19 |    25 ||    88

Table legend: (Time is in decaauts)
 A = Elapsed time spent in this place.
 B = Non-inter-level travel time spent in this place.
 C = Inter-level travel time spent in this place.
 D = Time resting spent in this place.
 E = Time spent auto-exploring this place.
 F = Levels seen in this place.
 G = Mean time per level.
                   A        B        C        D        E       F      G
               +--------+--------+--------+--------+--------+-----+--------+
         Total |   8331 |   8115 |    216 |   2335 |   4718 |   6 | 1388.5 |
       Dungeon |   8331 |   8115 |    216 |   2335 |   4718 |   6 | 1388.5 |
               +--------+--------+--------+--------+--------+-----+--------+

Top non-repeatable levels by time:
     D:4: 2310 daAuts
     D:5: 1480 daAuts
     D:2: 1423 daAuts
     D:1: 1211 daAuts
     D:3: 1086 daAuts
     D:6: 819 daAuts
